 Dungeon Crawl Stone Soup version 0.31-a0-441-g867994ef1c (webtiles) character file.

Game seed: 7854764287892148031

892 lunkers the Grappler (level 8, 0/61 HPs)
             Began as a Meteoran Shapeshifter on Aug 1, 2023.
             Was an Initiate of the Shining One.
             Slain by an iron imp (4 damage)
             ... summoned by Eustachio
             ... on level 5 of the Dungeon on Aug 2, 2023.
             The game lasted 00:10:30 (2475 turns).

lunkers the Grappler (Meteoran Shapeshifter)        Turns: 2475, Time: 00:10:31

Health: 0/61       AC:  7    Str: 18    XL:     8   Next: 52%
Magic:  0/10       EV: 11    Int:  9    God:    the Shining One [......]
Gold:   131        SH:  0    Dex: 16    Spells: 7/7 levels left

rFire   + .          .
                       - Unarmed
rCold   . . .        (no shield)
rNeg    . . .        f - +1 scale mail
rPois   .            (helmet currently unavailable)
rElec   .            (cloak currently unavailable)
rCorr   .            (gloves currently unavailable)
SInv    .            (boots currently unavailable)
Will    +....        t - amulet of guardian spirit Stlth
                     r - ring of flight
HPRegen 0.30/turn    y - ring of protection from fire
MPRegen 0.12/turn

%: guardian spirit
@: beast-form, flying, glowing
A: beast (slay +4), sense surroundings 1, otherworldly, glowing, explore regen
a: Begin Untransformation, Renounce Religion


You were on level 5 of the Dungeon.
You worshipped the Shining One.
The Shining One was noncommittal.
You were a hulking beast.
You visited 2 branches of the dungeon, and saw 6 of its levels.
You also visited: Sewer.

You collected 131 gold pieces.

Inventory:

Hand Weapons
 k - the +5 mace of Extinguishment {speed, rN+ Will+ Dex+2 SInv}
   (You found it on level 3 of the Dungeon)

   Dex:       It affects your dexterity (+2).
   rN:        It protects you from negative energy.
   SInv:      It lets you see invisible.
   Will:      It increases your willpower.
Armour
 f - a +1 scale mail (worn)
 n - an orb of wrath
 x - a +1 cloak
Jewellery
 m - a ring of wizardry
 r - a ring of flight (left hand)
 t - an amulet of guardian spirit (around neck)
 y - a ring of protection from fire (right hand)
 A - a ring of ice
Talismans
 c - a beast talisman (active)
Scrolls
 e - 4 scrolls of teleportation
 h - 2 scrolls of fear
 p - 2 scrolls of amnesia
 v - 2 scrolls of immolation
Potions
 b - 2 potions of cancellation
 g - 2 potions of might {unknown}
 i - 4 potions of resistance
 j - 2 potions of invisibility {unknown}
 l - a potion of magic {unknown}
 o - a potion of berserk rage {unknown}
 q - 2 potions of curing
 s - 4 potions of heal wounds
 w - a potion of haste {unknown}


   Skills:
 + Level 2.1 Fighting
 + Level 3.2 Dodging
 * Level 8.9 Unarmed Combat
 + Level 2.0 Invocations
 + Level 6.0 Shapeshifting


You had 7 spell levels left.
You didn't know any spells.
Your spell library contained the following spells:

 Spells                   Type           Power      Damage    Failure   Level
 Apportation              Tloc           0%         N/A       80%         1
 Necrotise                Necr           0%         1d4       80%         1
 Summon Small Mammal      Summ           0%         N/A       80%         1
 Blink                    Tloc           0%         N/A       91%         2
 Lesser Beckoning         Tloc           0%         N/A       91%         2
 Momentum Strike          Conj/Tloc      0%         3d8       91%         2
 Poisonous Vapours        Pois/Air       0%         N/A       91%         2
 Mephitic Cloud           Conj/Pois/Air  0%         N/A       99%         3
 Freezing Cloud           Conj/Ice/Air   0%         6-21      100%        5


Dungeon Overview and Level Annotations

Branches:
Dungeon (5/15) Zot: 925    Temple (1/1) D:4 Zot: 560   Sewer (visited)

Altars:
Ashenzari
Cheibriados
Dithmenos
Elyvilon
Fedhas
Gozag
Hepliaklqana
Kikubaaqudgha
Makhleb
Nemelex Xobeh
Okawaru
Ru
Sif Muna
Trog
Xom
Zin
The Shining One

Annotations:
D:5 Eustachio


Innate Abilities, Weirdness & Mutations

You are a hulking beast.
Your limbs bulge with bestial killing power. (Slay +4)
You passively map a small area around you.
You are easily found by Zot.
You glow in the dark.
You regain HP and MP as you explore.


Message History

The iron imp hits you.
* * * LOW HITPOINT WARNING * * *
Okay, then.
You hit the iron imp but do no damage.
The iron imp is moderately wounded.
The gnoll hits you with a +0 whip.
* * * LOW HITPOINT WARNING * * *
The gnoll hits you but does no damage.
You hit the iron imp.
The iron imp is severely wounded.
Eustachio casts a spell.
Eustachio blinks!
The gnoll hits you with a +0 club.
* * * LOW HITPOINT WARNING * * *
The gnoll closely misses you. The iron imp barely misses you.
Unknown command.
You punch the gnoll!
You kill the gnoll!
The gnoll hits you but does no damage. The iron imp hits you.
* * * LOW HITPOINT WARNING * * *
Your Invocations skill increases to level 2!
Unknown command.
You punch Eustachio!
Eustachio is almost dead.
Eustachio hits you with a +0 rapier.
* * * LOW HITPOINT WARNING * * *
The gnoll barely misses you.
Unknown command.
You barely miss Eustachio.
Eustachio is almost dead.
The iron imp hits you!
* * * LOW MAGIC WARNING * * *
* * * LOW HITPOINT WARNING * * *
The gnoll hits you but does no damage.
Eustachio gestures wildly while chanting.
Unknown command.
You barely miss Eustachio.
Eustachio is almost dead.
The bat hits you but does no damage. The iron imp hits you.
* * * LOW MAGIC WARNING * * *
You die...

* , , ,,* ,
......#.......# * ,
,..........,...#,
.........#..... ,
....#..#..... , , ,,
...?.......# * , ..
,#...#r...##
.#.(###.b.......
#...555h@r...... ,
.....##.g.#..... *
#.. ###..##..... ,
##.##.#..#..##.., *
* .........#..... *
........(..# ..#
..........## *...#,
* ,
.........##*###....
..........##.#.....,


You could see Eustachio, an iron imp (summoned), a gnoll, a crimson imp
(summoned), a white imp (summoned), a quokka (summoned), a bat (summoned) and a
rat (summoned).

Vanquished Creatures
  Sigmund (D:2)
  4 kobold brigands (Sewer)
  Blork the orc (D:4)
  Crazy Yiuf (D:4)
  A hound (D:4)
  An orc priest (D:4)
  2 jellies
  A sleepcap (D:5)
  An orc wizard (D:4)
  2 gnolls (D:5)
  7 adders
  An ufetubus (D:4)
  A worm (D:2)
  2 dart slugs
  9 orcs
  3 bats
  4 endoplasms
  8 giant cockroaches
  5 goblins
  6 hobgoblins
  8 jackals
  21 kobolds
  2 quokkas (D:4)
  14 ball pythons
  2 frilled lizards
  5 rats (Sewer)
113 creatures vanquished.

Vanquished Creatures (others)
  A ball python (Sewer)
1 creature vanquished.

Grand Total: 114 creatures vanquished

Notes
Turn   | Place    | Note
-------+----------+-------------------------------------------
     0 | D:1      | lunkers the Meteoran Shapeshifter began the quest for the
                  | Orb.
     0 | D:1      | Reached XP level 1. HP: 16/16 MP: 2/2
    38 | D:1      | Reached XP level 2. HP: 6/23 MP: 3/3
    40 | D:1      | Reached skill level 4 in Unarmed Combat
   232 | D:2      | Reached XP level 3. HP: 28/28 MP: 4/4
   272 | D:2      | Noticed Sigmund
   284 | D:2      | Killed Sigmund
   285 | D:2      | Reached skill level 6 in Unarmed Combat
   285 | D:2      | Reached XP level 4. HP: 35/35 MP: 5/5
   285 | D:2      | Reached XP level 5. HP: 40/40 MP: 6/6
   285 | D:2      | Reached XP level 6. HP: 47/47 MP: 7/7
   856 | D:3      | Identified the +5 mace of Extinguishment {speed, rN+ Will+
                  | Dex+2 SInv}
   910 | D:3      | Found a faded altar of an unknown god.
  1055 | D:3      | Reached skill level 5 in Shapeshifting
  1122 | D:3      | Found an opulent altar of Gozag.
  1122 | D:3      | Found a broken altar of Ashenzari.
  1127 | D:3      | Found a shimmering blue altar of Sif Muna.
  1129 | D:3      | Found a burning altar of Makhleb.
  1130 | D:3      | Found a faded altar of an unknown god.
  1135 | D:3      | Prayed at the altar of an unknown god.
  1135 | D:3      | Became a worshipper of Elyvilon the Healer
  1135 | D:3      | Reached * piety under Elyvilon
  1136 | D:3      | Upgraded the game from 0.31-a0-435-g2c6fae2916 to
                  | 0.31-a0-441-g867994ef1c
  1293 | D:3      | Found a glowing drain.
  1321 | Sewer    | Entered a sewer
  1332 | Sewer    | Reached skill level 7 in Unarmed Combat
  1379 | Sewer    | Reached XP level 7. HP: 34/52 MP: 5/8
  1480 | Sewer    | Reached skill level 8 in Unarmed Combat
  1693 | D:4      | Found a staircase to the Ecumenical Temple.
  1707 | Temple   | Entered the Ecumenical Temple
  1730 | Temple   | Fell from the grace of Elyvilon
  1730 | Temple   | Became a worshipper of the Shining One
  1802 | D:4      | Found a runed translucent door.
  1803 | D:4      | Noticed Crazy Yiuf
  1898 | D:4      | Killed Crazy Yiuf
  1899 | D:4      | Reached XP level 8. HP: 54/59 MP: 7/9
  1971 | D:4      | Noticed Blork the orc
  1985 | D:4      | Killed Blork the orc
  2130 | D:4      | Reached skill level 1 in Invocations
  2333 | D:4      | Identified the +0 plate armour of the Fiend {Rampage Str-2
                  | Int+7}
  2414 | D:5      | Entered Level 5 of the Dungeon
  2454 | D:5      | Noticed Eustachio
  2475 | D:5      | Slain by an iron imp

Illustrated notes

Levels and vault maps discovered:
D:1:      amcnicky_arrival_abandoned_market, layout_rooms, serial_shops, shop,
          minmay_misc_feat_ornament
D:2:      layout_loops_corners, mrwooster_statue_mirror, uniq_sigmund
D:3:      layout_basic, chequers_temple_overflow_minitemple,
          nicolae_ecumenical_snake_handling, gup_sewer_entry_glass,
          minmay_goblin_kobold_house
D:4:      layout_rooms, minmay_temple_entry_junction, serial_aquarium,
          aquarium_bridge_square [aquarium_subvault_bridge,
          aquarium_subvault_wall, aquarium_subvault_wall,
          aquarium_subvault_window], aquarium_bridge_square
          [aquarium_subvault_wall, aquarium_subvault_wall,
          aquarium_subvault_balcony, aquarium_subvault_bridge],
          aquarium_window_1, aquarium_window_3, aquarium_view_2a,
          aquarium_pool_2, uniq_crazy_yiuf_cottage, uniq_blork_the_orc
D:5:      layout_cave_pools, kennysheep_mini, uniq_eustachio
Temple:   compressed_dpeg_triangle_lava_temple

Skill      XL: |  1  2  3  4  5  6  7  8 |
---------------+-------------------------+-----
Unarmed Combat | 4 6 7 8 |  8.9
Shapeshifting  | 4 5 6 |  6.0
Invocations    | 2 |  2.0
Dodging        | 3 |  3.2
Fighting       | 2 |  2.1

Action                     |  1- 3 |  4- 6 |  7- 9 || total
---------------------------+-------+-------+-------++-------
  Melee: Unarmed           |    30 |   120 |   127 ||   277
         Punch             |     2 |     6 |     5 ||    13
    Use: Potion            |     1 |       |     1 ||     2
         Scroll            |       |     7 |     4 ||    11
 Armour: Animal skin       |     3 |       |       ||     3
         Scale mail        |     5 |    54 |    54 ||   113
         Skin              |     1 |       |    32 ||    33
  Dodge: Dodged            |    12 |    50 |    65 ||   127

Table legend: (Time is in decaauts)
 A = Elapsed time spent in this place.
 B = Non-inter-level travel time spent in this place.
 C = Inter-level travel time spent in this place.
 D = Time resting spent in this place.
 E = Time spent auto-exploring this place.
 F = Levels seen in this place.
 G = Mean time per level.
                   A        B        C        D        E       F      G
               +--------+--------+--------+--------+--------+-----+--------+
         Total |   2435 |   2288 |    147 |     36 |   1416 |   7 |  347.9 |
       Dungeon |   2074 |   1951 |    123 |     18 |   1240 |   5 |  414.8 |
        Temple |     39 |     15 |     24 |      0 |      0 |   1 |   39.0 |
         Sewer |    322 |    322 |      0 |     18 |    176 |   1 |  322.0 |
               +--------+--------+--------+--------+--------+-----+--------+

Top non-repeatable levels by time:
     D:4: 672 daAuts
     D:2: 620 daAuts
     D:3: 547 daAuts
   Sewer: 322 daAuts
     D:1: 177 daAuts
     D:5: 57 daAuts
  Temple: 39 daAuts
